 Dungeon Crawl Stone Soup version 0.27-a0-1228-gfd60fd639a (webtiles) character file.

Game seed: 15612419668575000459

58 ZappyNine the Charlatan (level 4, -1/27 HPs)
             Began as a Gargoyle Artificer on June 7, 2021.
             Slain by Pikel
             ... wielding a +1 whip of flaming
              (2 damage)
             ... on level 4 of the Dungeon.
             The game lasted 00:02:57 (2238 turns).

ZappyNine the Charlatan (Gargoyle Artificer)        Turns: 2238, Time: 00:02:57

Health: -1/27      AC:  7    Str: 16    XL:     4   Next: 2%
Magic:  4/4        EV: 11    Int: 12    God:
Gold:   86         SH:  0    Dex: 10    Spells: 3/3 levels left

rFire    . . .     SeeInvis .   l - +1 war axe (vorpal)
rCold    . . .     Faith    .   (no shield)
rNeg     + . .     Spirit   .   b - +0 leather armour
rPois    ∞         Reflect  .   (no helmet)
rElec    +         Harm     .   (no cloak)
rCorr    .         Rampage  .   j - +0 pair of gloves
Will     .....                  (no boots)
Stlth    +.........             (no amulet)
HPRegen  0.09/turn              (no ring)
MPRegen  0.09/turn              (no ring)

@: no status effects
A: sickness immunity, AC +3, negative energy resistance 1, electricity
resistance, torment resistance 1, petrification resistance
a: no special abilities


You were on level 4 of the Dungeon.
You visited 1 branch of the dungeon, and saw 5 of its levels.

You collected 86 gold pieces.

Inventory:

Hand Weapons
 l - a +1 vorpal war axe (weapon)
Armour
 b - a +0 leather armour (worn)
 j - a +0 pair of gloves (worn)
Jewellery
 f - a ring of wizardry
 k - a ring of fire
Wands
 d - a wand of charming (10)
Scrolls
 a - a scroll of amnesia {unknown}
 g - 3 scrolls of identify {unknown}
 h - 2 scrolls of teleportation {unknown}
 i - a scroll of noise {unknown}
Miscellaneous
 e - a piece from Xom's chessboard (14/15)


   Skills:
 + Level 2.4 Fighting
 + Level 1.8 Maces & Flails
 - Level 2.1 Armour
 - Level 0.7 Dodging
 - Level 1.1 Stealth
 + Level 3.3 Evocations


You had 3 spell levels left.
You didn't know any spells.
Your spell library contained the following spells:

 Spells                   Type           Power      Damage    Failure   Level
 Confusing Touch          Hex            0%         N/A       77%         3
 Gell's Gravitas          Tloc           0%         N/A       77%         3
 Petrify                  Tmut/Erth      0%         N/A       99%         4
 Metabolic Englaciation   Hex/Ice        0%         N/A       100%        5
 Yara's Violent Unravell  Hex/Tmut       0%         3d3       100%        5


Dungeon Overview and Level Annotations

Branches:
Dungeon (5/15)
 Temple: D:4-7

Altars:
Fedhas
Kikubaaqudgha

Shops:
D:1 ?

Annotations:
D:4 Pikel


Innate Abilities, Weirdness & Mutations

You are immune to sickness and miasma.
Your stone body is resilient. (AC +3)
You are immune to poison.
You resist negative energy. (rN+)
You are resistant to electric shocks. (rElec)
You are resistant to unholy torment.
You are immune to petrification.


Message History

Aim: Pikel, wielding a +1 whip of flaming and wearing a +0 robe (moderately wounded, ally target, 64% to hit)
The puff of flame hits Pikel.
Pikel is moderately wounded.
The now-empty wand crumbles to dust.
Pikel closely misses you. The lemure barely misses your lemure.
Your lemure hits Pikel! The lemure closely misses your lemure.
The lemure hits your lemure.
Unknown command.
You don't have any such object.
Evoke which item? (* to show all) (? for menu, Esc to quit)
Evoke which item? (* to show all) (? for menu, Esc to quit)
Okay, then.
You don't have any such object.
Evoke which item? (* to show all) (? for menu, Esc to quit)
Evoke which item? (* to show all) (? for menu, Esc to quit)
Okay, then.
Unknown command.
You make a move on Xom's chessboard...
The lemure struggles to resist.
The lemure hits your lemure.
Pikel hits you with a +1 whip of flaming.
* * * LOW HITPOINT WARNING * * *
Pikel burns you.
* * * LOW HITPOINT WARNING * * *
Your lemure hits Pikel. The lemure hits your lemure!
The lemure hits your lemure.
Unknown command.
You hit Pikel.
Pikel is severely wounded.
Pikel closely misses you. The lemure hits your lemure.
Your lemure dies!
Pikel hits you with a +1 whip of flaming.
* * * LOW HITPOINT WARNING * * *
Pikel burns you.
* * * LOW HITPOINT WARNING * * *
Unknown command.
Unknown command.
You aren't carrying any potions.
You hit Pikel.
Pikel is almost dead.
Pikel hits you with a +1 whip of flaming.
You die...

##..###....
#......#
##.#####
#..# ##.##
#..# ##.##
### #..#
#@#####.##
##K55...#
##5....#
#......#
.........#
...####....#
### ##..##
#..# #.#


You could see Pikel and 3 lemures.

Vanquished Creatures
  An orc wizard (D:3)
  A gnoll (D:4)
  An orc (D:3)
  2 ball pythons (D:1)
  3 endoplasms (D:1)
  A giant cockroach (D:2)
  4 goblins
  3 hobgoblins
  A quokka (D:1)
  3 bats
  3 frilled lizards (D:1)
  A kobold (D:1)
  2 rats
26 creatures vanquished.

Vanquished Creatures (collateral kills)
  An orc (D:3)
1 creature vanquished.

Vanquished Creatures (others)
  A lemure (D:4)
  An orc (D:3)
2 creatures vanquished.

Grand Total: 29 creatures vanquished

Notes
Turn   | Place    | Note
-------+----------+-------------------------------------------
     0 | D:1      | ZappyNine the Gargoyle Artificer began the quest for the
                  | Orb.
     0 | D:1      | Reached XP level 1. HP: 12/12 MP: 1/1
   385 | D:1      | Reached XP level 2. HP: 14/16 MP: 2/2
   461 | D:1      | Reached skill level 3 in Evocations
   639 | D:1      | Found Plog's Magic Scroll Emporium.
   680 | D:1      | Reached skill level 1 in Maces & Flails
  1589 | D:2      | You fall into a shaft and drop 1 floor!
  1660 | D:3      | Reached XP level 3. HP: 18/21 MP: 3/3
  1913 | D:3      | You fall into a shaft and drop 2 floors!
  1913 | D:5      | Entered Level 5 of the Dungeon
  1945 | D:4      | Reached XP level 4. HP: 5/27 MP: 4/4
  2196 | D:4      | Found a blossoming altar of Fedhas.
  2197 | D:4      | Found an ancient bone altar of Kikubaaqudgha.
  2223 | D:4      | Noticed Pikel
  2223 | D:4      | Noticed a lemure
  2223 | D:4      | Noticed a lemure
  2223 | D:4      | Noticed a lemure
  2223 | D:4      | Noticed a lemure
  2237 | D:4      | HP: 1/27 [Pikel/+1 whip of flaming (1)]
  2238 | D:4      | Slain by Pikel

Illustrated notes

Levels and vault maps discovered:
D:1:      minmay_arrival_wavy_path, layout_basic, serial_shops,
          nicolae_shop_competitors_out_of_business, st_stairs_3,
          minmay_crystal_room
D:2:      layout_rooms, chequers_ecumenical_altar_grove
D:3:      layout_basic, uniq_natasha, uniq_jessica
D:4:      layout_cave_pods, grunt_temple_overflow_growth_and_decay,
          okawaru_metal_pillars_3, uniq_pikel
D:5:      layout_basic, serial_shops, nicolae_shop_crystal

Skill      XL: |  1  2 |
---------------+-------+-----
Evocations     | 3 |  3.3
Maces & Flails | 1 |  1.8
Fighting       | 2 |  2.4
Armour         | |  2.1
Dodging        | |  0.7
Stealth        | |  1.1

Action                   |  1- 3 |  4- 6 || total
-------------------------+-------+-------++-------
Melee: Club              |    74 |       ||    74
       War axe           |     6 |     2 ||     8
Evoke: Wand              |    15 |     5 ||    20
       Piece from Xom's  |       |     1 ||     1
  Use: Potion            |     1 |       ||     1
Armor: Leather armour    |    36 |     2 ||    38
Dodge: Dodged            |    47 |     9 ||    56

Table legend: (Time is in decaauts)
 A = Elapsed time spent in this place.
 B = Non-inter-level travel time spent in this place.
 C = Inter-level travel time spent in this place.
 D = Time resting spent in this place.
 E = Time spent auto-exploring this place.
 F = Levels seen in this place.
 G = Mean time per level.
                   A        B        C        D        E       F      G
               +--------+--------+--------+--------+--------+-----+--------+
         Total |   2257 |   2230 |     27 |    240 |   1736 |   5 |  451.4 |
       Dungeon |   2257 |   2230 |     27 |    240 |   1736 |   5 |  451.4 |
               +--------+--------+--------+--------+--------+-----+--------+

Top non-repeatable levels by time:
     D:1: 1159 daAuts
     D:2: 444 daAuts
     D:3: 325 daAuts
     D:4: 302 daAuts
     D:5: 24 daAuts
